 Dungeon Crawl Stone Soup version 0.15-a0-193-gf781f13 (webtiles) character file.

185 PolkaDot the Vexing (level 4, 0/30 HPs)
             Began as a Vampire Enchanter on Apr 22, 2014.
             Slain by an orc
             ... wielding a +0,+0 mace
              (4 damage)
             ... on Level 3 of the Dungeon.
             The game lasted 00:05:24 (1690 turns).

PolkaDot the Vexing (Vampire Enchanter)             Turns: 1690, Time: 00:05:24

HP   0/30        AC  4     Str 12      XL: 4   Next: 56%
MP   1/7         EV 12     Int 17      God:
Gold 78          SH  0     Dex 15      Spells:  3 memorised,  1 level left

rFire  . . .     SeeInvis +     a - +1 dagger
rCold  + . .     Clarity  .     b - +1 robe
rNeg   . . .     Conserve .     (no shield)
rPois  .         rCorr    .     (no helmet)
rElec  .         rRot     .     k - +0 cloak
SustAb . .       Spirit   .     (no gloves)
rMut   .         Warding  .     (no boots)
Saprov . . .     Stasis   .     (no amulet)
MR     .....                    j - +5 ring of strength
                                h - ring of protection from cold {unknown}

@: regenerating quickly, very slightly contaminated, not resistant to hostile
enchantments, stealthy
A: fangs 3, see invisible, unbreathing
a: no special abilities


You were on level 3 of the Dungeon.
You were very full.

You visited 1 branch of the dungeon, and saw 3 of its levels.

You collected 78 gold pieces.

Inventory:

Hand weapons
 a - a +1,+1 dagger (weapon)
Missiles
 d - 12 darts (quivered)
Armour
 b - a +1 robe (worn)
 k - a +0 cloak (worn)
Scrolls
 f - 2 scrolls of identify {unknown}
 g - 2 scrolls of remove curse {unknown}
 o - a scroll of random uselessness {unknown}
 p - a scroll of enchant weapon I {unknown}
 q - a scroll of immolation {unknown}
Jewellery
 h - a ring of protection from cold (left hand) {unknown}
 j - a +5 ring of strength (right hand)
Potions
 e - a potion of invisibility {unknown}
 i - a potion of agility {unknown}
 l - a potion of cure mutation {unknown}
 n - a potion of curing {unknown}
Books
 c - a book of Maledictions

   Spells                             Type                      Level
   *Corona                            Hexes                        1
   Sure Blade                         Hexes/Charms                 2
   *Ensorcelled Hibernation           Hexes/Ice                    2
   *Confuse                           Hexes                        3
   Dazzling Spray                     Conjuration/Hexes            3
   Enslavement                        Hexes                        4
 m - a book of Cantrips

   Spells                             Type                      Level
   Confusing Touch                    Hexes                        1
   Animate Skeleton                   Necromancy                   1
   Summon Small Mammal                Summoning                    1
   Apportation                        Translocation                1


   Skills:
 * Level 3.6 Short Blades
 - Level 0.7 Throwing
 - Level 2.1 Dodging
 - Level 3.0 Stealth
 - Level 2.0 Spellcasting
 + Level 5.4 Hexes
 + Level 1.7 Ice Magic


You had one spell level left.
You knew the following spells:

 Your Spells              Type           Power        Failure   Level  Hunger
a - Corona                Hex            ###....      2%          1    #......
c - Confuse               Hex            ###.....     10%         3    ####...
d - Ensorcelled Hibernat  Hex/Ice        ##....       10%         2    ###....


Dungeon Overview and Level Annotations

Branches:
Dungeon (3/15)

Altars:
Nemelex Xobeh


Innate Abilities, Weirdness & Mutations

Your natural rate of healing is unusually fast.
You have razor-sharp teeth.*
You have supernaturally acute eyesight.
You can survive without breathing.*


Message History

You hit the orc but do no damage. You bite the orc, but do no damage.
The orc hits you with a mace.
You hit the orc but do no damage. You bite the orc, but do no damage.
The orc misses you.
You hit the orc but do no damage. You hit the orc but do no damage.
The orc misses you.
You hit the orc but do no damage. The orc closely misses you.
You closely miss the orc. The orc closely misses you.
You barely miss the orc. You hit the orc. You bite the orc, but do no damage.
The orc is severely wounded.
The orc barely misses you.
You completely miss the orc.
The orc is severely wounded.
The orc hits you with a mace!
* * * LOW HITPOINT WARNING * * *
You hit the orc but do no damage.
The orc is severely wounded.
The orc hits you with a mace.
You die...

...# ##...###.####...##.#
...## ##.....##.# #...##.#
....### ##.......#.# ##...##.#
......# #..........###....##.#
........+.................##.#
......###.................##.#
....#.# ##.......#####.......#
#.###.# ##.....######.#######
... ##....@...##.# #.##
#......o...#.##### .#
#..####..%.#.#...# #..
##...#...#.# #.. ##........#
#. #....)...# #..###....#
#...# #...... .....# #.....


You could see an orc.

Vanquished Creatures
  An orc wizard (D:3)
  3 adders
  A worm (D:3)
  2 giant geckos
  An ooze (D:2)
  7 bats
  2 giant cockroaches
  5 goblins
  6 hobgoblins
  3 jackals (D:3)
  A quokka (D:3)
  6 giant newts
  4 kobolds
  6 rats
48 creatures vanquished.

Notes
Turn   | Place    | Note
--------------------------------------------------------------
     0 | D:1      | PolkaDot, the Vampire Enchanter, began the quest for the Orb.
     0 | D:1      | Reached XP level 1. HP: 13/13 MP: 3/3
   161 | D:1      | Found a sparkling altar of Nemelex Xobeh.
   270 | D:1      | Reached XP level 2. HP: 16/19 MP: 4/4
   274 | D:1      | Learned a level 2 spell: Ensorcelled Hibernation
   816 | D:2      | Reached XP level 3. HP: 20/24 MP: 6/6
   873 | D:2      | Reached skill level 1 in Ice Magic
  1090 | D:2      | Reached skill level 5 in Hexes
  1482 | D:3      | Learned a level 3 spell: Confuse
  1622 | D:3      | Reached XP level 4. HP: 30/30 MP: 7/7
  1690 | D:3      | Slain by an orc

Action                   |  1- 3 |  4- 6 || total
-------------------------+-------+-------++-------
Melee: Dagger            |   134 |    19 ||   153
 Cast: Ensorcelled Hiber |    11 |     4 ||    15
  Use: Potion            |     1 |       ||     1
 Stab: Sleeping          |    13 |     4 ||    17
